 Dungeon Crawl Stone Soup version 0.29.0-15-g675c0067aa (webtiles) character file.

Game seed: 11234604038080441620

37 qw the Chopper (level 3, -4/23 HPs)
             Began as a Gargoyle Fighter on Sept 11, 2022.
             Slain by Terence
             ... wielding a +0 flail
              (11 damage)
             ... on level 2 of the Dungeon.
             The game lasted 00:00:25 (759 turns).

qw the Chopper (Gargoyle Fighter)                    Turns: 759, Time: 00:00:25

Health: -4/23      AC:  0    Str: 21    XL:     3   Next: 41%
Magic:  3/3        EV: 17    Int:  8    God:
Gold:   32         SH:  0    Dex: 14    Spells: 2/2 levels left

rFire   . . .      SeeInvis .   (weapon currently unavailable)
rCold   . . .      Faith    .   (shield currently unavailable)
rNeg    + . .      Spirit   .   (body armour currently unavailable)
rPois   inf        Reflect  .   (helmet currently unavailable)
rElec   .          Harm     .   (cloak currently unavailable)
rCorr   .          Rampage  .   (gloves currently unavailable)
Will    .....                   (boots currently unavailable)
Stlth   +.........              (no amulet)
HPRegen 0.07/turn               (ring currently unavailable)
MPRegen 0.08/turn               (ring currently unavailable)

@: bat-form, flying, very quick
A: fast, flying, no casting, sickness immunity, AC +3, tiny, negative energy
resistance 1, (electricity resistance), torment resistance 1, petrification
resistance
a: no special abilities


You were on level 2 of the Dungeon.
You were a bat.
You visited 1 branch of the dungeon, and saw 2 of its levels.

You collected 32 gold pieces.


Innate Abilities, Weirdness & Mutations

You are a bat.
You are tiny and dextrous.
You move quickly.
You are flying.
Your equipment is almost entirely melded.
You are incapable of wielding weapons or throwing items.
You cannot cast spells.
You are immune to sickness and miasma.
((Your stone body is resilient. (AC +3)))
You are immune to poison.
You resist negative energy. (rN+)
((You are resistant to electric shocks. (rElec)))
You are resistant to unholy torment.
You are immune to petrification.


   Skills:
 - Level 3.2 Fighting
 + Level 3.4 Axes
 - Level 3.2 Armour
 - Level 3.2 Shields


You had 2 spell levels left.
You didn't know any spells.
Your spell library was empty.

Inventory:

Hand Weapons
 e - a +0 whip
 Y - a +1 war axe (melded)
Armour
 b - a +0 scale mail (melded)
 c - a +0 buckler (melded)
 f - a +0 helmet (melded)
Scrolls
 a - a scroll of vulnerability {unknown}
Potions
 d - a potion of might
 g - a potion of ambrosia {unknown}
 l - a potion of curing {unknown}
 m - a potion of lignification {unknown}

Dungeon Overview and Level Annotations

Branches:
Dungeon (2/15)

Altars:
Dithmenos

Annotations:
D:2 Terence


Message History

745 ||| Stepping ~*~*~tactically~*~*~ (hiding).
The ball python attacks as you move away!
The ball python barely misses you. The ball python closely misses you.
You closely miss the ball python. The ball python barely misses you. x2
You barely miss the ball python.
The ball python bites you but does no damage.
The ball python closely misses you. You block the ball python's attack.
The ball python grabs you. The ball python constricts you.
You slash the ball python!
You kill the ball python!
You start waiting.
Terence is nearby!
You hit Terence but do no damage. Terence closely misses you.
Terence hits you with a +0 flail.
You closely miss Terence. Terence hits you with a +0 flail.
You barely miss Terence. Terence says, "Did you write a will?
You should..."
Terence hits you but does no damage.
Terence zaps a wand.
You turn into a bat.
Your +1 war axe melds into your body.
Your +0 helmet melds into your body.
Your +0 buckler melds into your body.
Your +0 scale mail melds into your body.
You barely miss Terence. Terence misses you.
You hit Terence but do no damage. You hit Terence but do no damage.
Terence hits you with a +0 flail.
You hit Terence but do no damage. Terence closely misses you.
You hit Terence but do no damage. Terence hits you with a +0 flail!
You hit Terence.
Terence is lightly wounded.
Terence hits you with a +0 flail.
You hit Terence.
Terence is lightly wounded.
Terence says, "How do you enjoy it?" Terence hits you with a +0 flail!
You die...

.... #.###...#.# ._..
#.#.#.#.#.# . . ...
#.#.......# #.#.. ..
#.......... .....#.
#.....#.#.#
###.....########'######.#
......##...........# #.#
.......@...........+ ..#
###....#b...<......# ###
.......#...........# #
.#.....######+###### #
....... # .....#> #
.#####@ # .. # #


You could see Terence.

Vanquished Creatures
  2 dart slugs
  4 bats
  3 endoplasms (D:1)
  2 giant cockroaches (D:1)
  3 goblins (D:1)
  3 hobgoblins
  3 kobolds (D:1)
  5 ball pythons
  3 frilled lizards (D:1)
  3 rats (D:1)
31 creatures vanquished.

Vanquished Creatures (others)
  4 plants (D:2)
4 creatures vanquished.

Grand Total: 35 creatures vanquished

Notes
Turn   | Place    | Note
-------+----------+-------------------------------------------
     0 | D:1      | qw the Gargoyle Fighter began the quest for the Orb.
     0 | D:1      | Reached XP level 1. HP: 14/14 MP: 1/1
     0 | D:1      | 0 ||| qw: Version: 0.1-a-119-g272c26d
     0 | D:1      | 0 ||| qw: Game counter: 10658
     0 | D:1      | 0 ||| qw: Always use a shield: true
     0 | D:1      | 0 ||| qw: God list: Okawaru
     0 | D:1      | 0 ||| qw: Allow faded altars: false
     0 | D:1      | 0 ||| qw: Do Orc after D:15 true
     0 | D:1      | 0 ||| qw: Do second Lair branch before Depths: true
     0 | D:1      | 0 ||| qw: Lair rune preference: random
     0 | D:1      | 0 ||| qw: Plans: Normal, Zot, God:TSO, Crypt, Tomb, Pan,
                  | Slime, Hells, Zig, Abyss, Orb
     0 | D:1      | 0 ||| PLANNING D:1-11
   129 | D:1      | 129 ||| Stepping ~*~*~tactically~*~*~ (hiding).
   131 | D:1      | Reached XP level 2. HP: 15/19 MP: 2/2
   379 | D:1      | Reached skill level 3 in Axes
   411 | D:1      | 411 ||| Stepping ~*~*~tactically~*~*~ (stealth).
   414 | D:1      | Reached XP level 3. HP: 23/23 MP: 3/3
   414 | D:1      | 414 ||| Stepping ~*~*~tactically~*~*~ (stealth).
   415 | D:1      | 415 ||| Stepping ~*~*~tactically~*~*~ (stealth).
   656 | D:1      | 656 ||| UPGRADING to +0 helmet.
   661 | D:1      | 661 ||| READING scroll labelled QACO LAUTINIE.
   662 | D:1      | 662 ||| READING scroll labelled YTEASHRI JEZYI.
   663 | D:1      | 663 ||| READING scroll labelled POATSU UQEXTICHEWN.
   664 | D:1      | 664 ||| READING scroll labelled IXORGH FEANN.
   698 | D:2      | 698 ||| Stepping ~*~*~tactically~*~*~ (hiding).
   706 | D:2      | 706 ||| Stepping ~*~*~tactically~*~*~ (stealth).
   738 | D:2      | Found a shadowy altar of Dithmenos.
   744 | D:2      | Noticed Terence
   745 | D:2      | 745 ||| Stepping ~*~*~tactically~*~*~ (hiding).
   759 | D:2      | Slain by Terence

Levels and vault maps discovered:
D:1:      eino_arrival_tree_alley, layout_rooms
D:2:      layout_basic, basic_altar, serial_bayou_ford_a, uniq_robin,
          uniq_terence

Skill      XL: |  1  2 |
---------------+-------+-----
Axes           | 2 3 |  3.4
Fighting       | |  3.2
Armour         | |  3.2
Shields        | |  3.2

Action                   || total
-------------------------++-------
Melee: War axe           ||    72
       Unarmed           ||     7
  Use: Scroll            ||     4
Armor: Scale mail        ||    40
Dodge: Dodged            ||    41
Block: Buckler           ||    10

Table legend:
 A = Non-vault XP
 B = Vault XP
 C = Vault XP percentage of total XP
 D = Non-vault monster count
 E = Vault monster count
 F = Vault count percentage of total count
                 A         B        C        D         E       F
            +---------+---------+-------+---------+---------+-------
      Total |      54 |       0 |   0.0 |      31 |       0 |   0.0
            +---------+---------+-------+---------+---------+-------
        D:1 |      45 |       0 |   0.0 |      27 |       0 |   0.0
        D:2 |       9 |       0 |   0.0 |       4 |       0 |   0.0
            +---------+---------+-------+---------+---------+-------
